 Dungeon Sprint DCSS version 0.31.0-12-g77e489cdc1 (webtiles) character file.

Game seed: 16827569308551072774

2135 Heoruswealwe the Cleaver (level 9, -3/92 HPs)
             Began as a Hill Orc Fighter on Feb 14, 2024.
             Was an Initiate of Gozag.
             Slain by a troll (11 damage)
             ... in the Dungeon (Sprint IX: "|||||||||||||||||||||||||||||").
             The game lasted 00:05:55 (579 turns).

Heoruswealwe the Cleaver (Hill Orc Fighter)          Turns: 579, Time: 00:05:56

Health: -3/92      AC: 14    Str: 23    XL:     9   Next: 30%
Magic:  9/9        EV: 10    Int:  8    God:    Gozag
Gold:   684        SH:  6    Dex: 10    Spells: 8/8 levels left

rFire   . . .        a - +3 war axe (freeze)
rCold   . . .        d - +0 buckler
rNeg    . . .        c - +2 ring mail
rPois   .            g - +0 helmet
rElec   .            h - +0 cloak
rCorr   .            (no gloves)
SInv    .            (no boots)
Will    .....        (no amulet) Stlth
                     k - +2 ring of protection
HPRegen 0.35/turn    (no ring)
MPRegen 0.11/turn

%: no teleportation
@: no status effects
A: no striking features
a: Renounce Religion, Potion Petition, Call Merchant, Bribe Branch


You were in the Dungeon.
You worshipped Gozag.
Gozag was pleased with you.
You visited 1 branch You collected 684 gold pieces.

Inventory:

Hand Weapons
 a - a +3 war axe of freezing (weapon)
Armour
 c - a +2 ring mail (worn)
 d - a +0 buckler (worn)
 g - a +0 helmet (worn)
 h - a +0 cloak (worn)
Jewellery
 k - a +2 ring of protection (left hand)
Wands
 l - a wand of quicksilver (10)
Scrolls
 j - 2 scrolls of blinking
Potions
 b - a potion of might
 e - a potion of invisibility
 i - a potion of berserk rage
 m - 4 potions of magic
 n - a potion of haste


   Skills:
 + Level 12.8 Fighting
 + Level 13.6 Axes
 + Level 11.8 Armour
 + Level 11.8 Shields


You had 8 spell levels left.
You didn't know any spells.
Your spell library was empty.

Dungeon Overview and Level Annotations

Branches:
Dungeon (1/1)

Altars:
Cheibriados
Dithmenos
Elyvilon
Fedhas
Gozag
Hepliaklqana
Kikubaaqudgha
Makhleb
Nemelex Xobeh
Okawaru
Qazlal
Ru
Sif Muna
Trog
Uskayaw
Vehumet
Wu Jian
Xom
Yredelemnul
Zin
The Shining One
Beogh
Jiyva
Lugonu


Message History

The basilisk hisses menacingly.
The troll is no longer distracted by gold.
You closely miss the troll. The troll bites you.
* * * LOW HITPOINT WARNING * * *
The troll claws you.
* * * LOW HITPOINT WARNING * * *
The troll closely misses you.
You slash the troll! You freeze the troll.
The troll is moderately wounded.
The troll bites you but does no damage. The troll claws you.
* * * LOW HITPOINT WARNING * * *
You block the troll's attack.
You hit the troll. You freeze the troll.
The troll is moderately wounded.
The troll barely misses you. You block the troll's attack.
The troll misses you.
You barely miss the troll.
The troll is moderately wounded.
The troll completely misses you. The troll barely misses you.
The troll claws you but does no damage.
You slash the troll! You freeze the troll.
The troll is heavily wounded.
The troll bites you.
* * * LOW HITPOINT WARNING * * *
The troll claws you.
* * * LOW HITPOINT WARNING * * *
The troll claws you!
* * * LOW HITPOINT WARNING * * *
You feel better. The troll bites you.
* * * LOW HITPOINT WARNING * * *
You block the troll's attack. x2
You feel better. The troll closely misses you. The troll claws you.
* * * LOW HITPOINT WARNING * * *
The troll claws you.
* * * LOW HITPOINT WARNING * * *
You slash the troll! You freeze the troll.
The troll is severely wounded.
The troll bites you!
You die...
Your body crumbles into a pile of gold.

▓)▓
▓.▓
▓.▓
▓.▓
▓.▓
▓.▓
▓.▓
▓'▓
▓@▓
▓T▓
▓C▓
▓l▓
▓.▓
▓.▓
▓+▓


You could see a cyclops, a troll and a basilisk.

Vanquished Creatures
  A centaur warrior (D)
  A manticore (D)
  An unseen horror (D)
  A troll (D)
  2 yaks (D)
  A vampire mosquito (D)
  A centaur (D)
  A kobold brigand (D)
  2 scorpions (D)
  A bombardier beetle (D)
  An adder (D)
  An endoplasm (D)
  A goblin (D)
  A jackal (D)
  A bat (D)
  2 rats (D)
19 creatures vanquished.

Notes
Turn   | Place    | Note
-------+----------+-------------------------------------------
     0 | D        | Heoruswealwe the Hill Orc Fighter began the quest for the
                  | Orb.
     0 | D        | Reached XP level 1. HP: 19/19 MP: 1/1
     6 | D        | Reached skill level 3 in Axes
    20 | D        | Noticed a bombardier beetle
    20 | D        | Noticed a scorpion
    20 | D        | Noticed a scorpion
    30 | D        | Killed a scorpion
    31 | D        | Reached skill level 5 in Fighting
    31 | D        | Reached skill level 5 in Axes
    31 | D        | Reached skill level 5 in Armour
    31 | D        | Reached skill level 5 in Shields
    31 | D        | Reached XP level 2. HP: 19/30 MP: 2/2
    31 | D        | Reached XP level 3. HP: 24/37 MP: 3/3
    31 | D        | Reached XP level 4. HP: 29/44 MP: 4/4
    34 | D        | Reached skill level 6 in Axes
    39 | D        | Killed a scorpion
    40 | D        | Reached skill level 7 in Axes
    40 | D        | Reached XP level 5. HP: 25/52 MP: 5/5
    45 | D        | Found a roughly hewn altar of Beogh.
    45 | D        | Found a snail-covered altar of Cheibriados.
    45 | D        | Found a shadowy altar of Dithmenos.
    45 | D        | Found a white marble altar of Elyvilon.
    45 | D        | Found a blossoming altar of Fedhas.
    45 | D        | Found an opulent altar of Gozag.
    46 | D        | Found a hazy altar of Hepliaklqana.
    47 | D        | Found a viscous altar of Jiyva.
    48 | D        | Found an ancient bone altar of Kikubaaqudgha.
    49 | D        | Found a corrupted altar of Lugonu.
    50 | D        | Found a burning altar of Makhleb.
    51 | D        | Found a sparkling altar of Nemelex Xobeh.
    52 | D        | Found an iron altar of Okawaru.
    53 | D        | Became a worshipper of Gozag Ym Sagoz the Greedy
    54 | D        | Found a stormy altar of Qazlal.
    55 | D        | Found a sacrificial altar of Ru.
    56 | D        | Found a shimmering blue altar of Sif Muna.
    57 | D        | Found a bloodstained altar of Trog.
    58 | D        | Found a hide-covered altar of Uskayaw.
    59 | D        | Found a radiant altar of Vehumet.
    60 | D        | Found an ornate altar of the Wu Jian Council.
    61 | D        | Found a shimmering altar of Xom.
    62 | D        | Found a basalt altar of Yredelemnul.
    63 | D        | Found a glowing silver altar of Zin.
    64 | D        | Found a glowing golden altar of the Shining One.
   138 | D        | Noticed a kobold brigand
   138 | D        | Noticed a troll
   138 | D        | Noticed a vampire mosquito
   138 | D        | Noticed a yak
   138 | D        | Noticed a yak
   138 | D        | Noticed a centaur
   140 | D        | Killed a kobold brigand
   141 | D        | Reached skill level 8 in Axes
   141 | D        | Reached XP level 6. HP: 61/61 MP: 6/6
   158 | D        | Killed a troll
   159 | D        | Reached skill level 9 in Axes
   159 | D        | Reached XP level 7. HP: 43/70 MP: 7/7
   166 | D        | Killed a yak
   167 | D        | Reached skill level 10 in Fighting
   167 | D        | Reached skill level 10 in Axes
   172 | D        | Killed a yak
   173 | D        | Reached skill level 11 in Axes
   178 | D        | Killed a vampire mosquito
   179 | D        | Reached XP level 8. HP: 21/81 MP: 8/8
   182 | D        | Reached skill level 10 in Armour
   182 | D        | Reached skill level 10 in Shields
   363 | D        | Noticed a manticore
   363 | D        | Noticed a centaur warrior
   363 | D        | Noticed a troll
   363 | D        | Noticed a cyclops
   539 | D        | Killed a manticore
   540 | D        | Reached skill level 12 in Axes
   547 | D        | Killed a centaur warrior
   548 | D        | Reached skill level 13 in Axes
   548 | D        | Reached XP level 9. HP: 31/91 MP: 9/9
   567 | D        | Killed an unseen horror
   576 | D        | HP: 4/92 [troll (11)]
   579 | D        | Slain by a troll

Illustrated notes

Levels and vault maps discovered:
D:        linesprint [early_d, line_temple, items_1, d_10, items_2, lair_1,
          lair_end, items_3, orc_1, orc_end, items_4, d_15, swamp_1, shoals_1,
          snake_1, spider_1, d_20, vaults_1, items_5, swamp_end, shoals_end,
          snake_end, spider_end, vaults_end, d_27, items_6, zot_1, zot_end,
          crypt_end, forest_end, elf_end, slime_end, tomb_end, abyss_end,
          pan_hell_end]

Skill      XL: |  1  2  3  4  5  6  7  8 |
---------------+-------------------------+-----
Axes           | 5 7 8 9 11 13 | 13.6
Fighting       | 5 7 8 9 10 12 | 12.8
Armour         | 5 6 7 8 9 11 | 11.8
Shields        | 5 6 7 8 9 11 | 11.8

Action                     |  1- 3 |  4- 6 |  7- 9 || total
---------------------------+-------+-------+-------++-------
  Melee: War axe           |    15 |    27 |    54 ||    96
    Use: Potion            |     1 |     2 |     5 ||     8
 Armour: Scale mail        |    10 |     3 |       ||    13
         Ring mail         |       |    36 |    84 ||   120
  Dodge: Dodged            |     5 |    13 |    12 ||    30
  Block: Buckler           |     2 |    14 |    21 ||    37
